 Dungeon Crawl Stone Soup version 0.18.1-50-g88ac8fd (webtiles) character file.

65 Dioneo the Unweaver (level 4, -9/39 HPs)
             Began as a Hill Orc Abyssal Knight on Oct 30, 2016.
             Was a Follower of Lugonu.
             Killed by divine providence
             ... invoked by an orc priest
              (11 damage)
             ... on level 3 of the Dungeon.
             The game lasted 00:06:24 (2195 turns).

Dioneo the Unweaver (Hill Orc Abyssal Knight)       Turns: 2195, Time: 00:06:25

Health: -9/39      AC: 13    Str: 15    XL:     4   Next: 13%
Magic:  7/7        EV: -1    Int: 12    God:    Lugonu [*.....]
Gold:   172        SH:  0    Dex: 10    Spells: 0 memorised, 3 levels left

rFire  . . .     SeeInvis .     a - +1 hand axe
rCold  . . .     Gourm    .     e - +0 plate armour
rNeg   . . .     Faith    .     (no shield)
rPois  .         Spirit   .     r - +0 helmet
rElec  .         Dismiss  .     (no cloak)
rCorr  .         Reflect  .     m - +0 pair of gloves
SustAt .         Harm     .     (no boots)
MR     .....                    (no amulet)
Stlth  ..........               (no ring)
                                (no ring)

@: slowed, very slow, not resistant to hostile enchantments, extremely
unstealthy
A: no striking features
a: Depart the Abyss, Renounce Religion, Convert to Beogh


You were on level 3 of the Dungeon.
You worshipped Lugonu.
Lugonu was aware of your devotion.
You were not hungry.

You visited 1 branch of the dungeon, and saw 3 of its levels.
You visited the Abyss 1 time.

You collected 172 gold pieces.

Inventory:

Hand Weapons
 a - a +1 hand axe (weapon)
Missiles
 h - 7 exploding tomahawks (quivered)
Armour
 e - a +0 plate armour (worn)
 m - a +0 pair of gloves (worn)
 r - a +0 helmet (worn)
Jewellery
 d - a cursed -2 ring of dexterity {unknown}
 j - an uncursed amulet of harm {unknown}
Scrolls
 f - a scroll of immolation {unknown}
 l - a scroll of recharging {unknown}
 n - a scroll of blinking {unknown}
 p - 2 scrolls of remove curse {unknown}
 s - a scroll of magic mapping {unknown}
Potions
 k - a potion of cancellation {unknown}
Comestibles
 b - a chunk of flesh
 c - 2 bread rations
 q - a slice of pizza


   Skills:
 - Level 3.6 Fighting
 + Level 4.2 Axes
 + Level 2.3 Armour
 - Level 0.7 Dodging
 + Level 4.3 Invocations


You had 3 spell levels left.
You didn't know any spells.

Dungeon Overview and Level Annotations

Branches:
Dungeon (3/15)

Altars:

Annotations:
D:2 Trapped scroll


Message History

The orc wizard casts a spell.
The orc wizard blinks!
The ball python bites you but does no damage.
The ball python grabs you. The ball python constricts you.
The orc priest invokes the aid of Beogh against you.
Beogh smites you!
* * * LOW HITPOINT WARNING * * *
The ball python bites you but does no damage.
The ball python constricts you.
There is a stone staircase leading down here.
You escape the ball python's grasp.
The ball python bites you but does no damage.
The ball python grabs you.
You stop descending the stairs.
The ball python constricts you.
You hit the ball python.
You kill the ball python!
Lugonu accepts your kill.
The orc priest calls down the wrath of Beogh upon you.
Beogh smites you!
You die...

...........#####.#
.#.........#####.#
...........##....########
.#......##.##.###.......#
..(..##.##.## ##.#####.#
.###..#....# ...#.....#
.........### ##..#.#####
.#.......#######o.#.#
.......(.....oo†@.#.#
.........####o##..#.#
.........# #.#...#.#
.........# ..#####.#
.........# .... #<#.#
.........##...# #.#.#
...o.....###### #...#
##?......+ #####


You could see an orc priest, an orc wizard and 2 orcs.

Vanquished Creatures
  3 adders (D:3)
  An ooze (D:1)
  An orc (D:3)
  A ball python (D:3)
  A giant cockroach (D:1)
  5 goblins
  5 hobgoblins
  3 jackals (D:1)
  3 bats
  4 giant newts
  3 kobolds
  4 rats (D:1)
34 creatures vanquished.

Notes
Turn   | Place    | Note
--------------------------------------------------------------
     0 | Abyss:1  | Dioneo the Hill Orc Abyssal Knight began the quest for the Orb.
     0 | Abyss:1  | Reached XP level 1. HP: 19/19 MP: 2/2
    44 | Abyss:1  | Noticed a tentacled starspawn
    44 | D:1      | Escaped the Abyss
   220 | D:1      | Reached * piety under Lugonu
   354 | D:1      | Reached XP level 2. HP: 21/26 MP: 2/4
   944 | D:1      | Reached XP level 3. HP: 30/31 MP: 5/5
  1030 | D:1      | You fall through a shaft!
  2068 | D:3      | Reached XP level 4. HP: 33/39 MP: 7/7
  2192 | D:3      | HP: 1/39 [orc priest/divine providence (9)]
  2195 | D:3      | Killed from afar by an orc priest

Skill      XL: |  1  2  3 |
---------------+----------+-----
Axes           | 3 4 |  4.2
Invocations    | 3 4 |  4.3
Fighting       | |  3.6
Armour         | |  2.3
Dodging        | |  0.7

Action                   |  1- 3 |  4- 6 || total
-------------------------+-------+-------++-------
Melee: Hand axe          |   155 |     3 ||   158
Invok: Depart the Abyss  |     1 |       ||     1
  Use: Scroll            |     2 |       ||     2
       Potion            |     2 |       ||     2
  Eat: Chunk             |     4 |     1 ||     5
Armor: Plate armour      |   122 |    13 ||   135
       Leather armour    |     2 |       ||     2
Dodge: Dodged            |    43 |     5 ||    48
